 Dungeon Crawl Stone Soup version 0.15.2 (webtiles) character file.

9518 Heini the Basher (level 11, -4/104 HPs)
             Began as a Minotaur Fighter on Mar 6, 2015.
             Was the Champion of Okawaru.
             Slain by a skeletal warrior
             ... wielding a +0 mace
              (8 damage)
             ... on Level 10 of the Dungeon.
             The game lasted 00:26:11 (10334 turns).

Heini the Basher (Minotaur Fighter)                Turns: 10334, Time: 00:26:11

HP  -4/104       AC 19     Str 23      XL: 11   Next: 24%
MP   4/4         EV  4     Int  5      God: Okawaru [******]
Gold 491         SH 10     Dex 11      Spells:  0 memorised, 10 levels left

rFire  . . .     SeeInvis .     a - +1 flail
rCold  . . .     Clarity  .     q - +0 plate armour
rNeg   . . .     rCorr    .     c - +1 shield
rPois  .         rRot     .     (helmet restricted)
rElec  .         Spirit   .     w - +0 cloak
SustAb +         Warding  .     (no gloves)
rMut   .         Stasis   .     v - +1 pair of boots
Gourm  .                        (no amulet)
MR     +....                    n - ring of protection from magic
                                f - ring of sustain abilities

@: somewhat resistant to hostile enchantments, extremely unstealthy
A: retaliatory headbutt, horns 2
a: Heroism, Finesse, Renounce Religion


You were on level 10 of the Dungeon.
You worshipped Okawaru.
Okawaru was exalted by your worship.
You were very hungry.

You visited 2 branches of the dungeon, and saw 12 of its levels.
You also visited: Sewer and Ossuary.

You collected 491 gold pieces.

Inventory:

Hand weapons
 a - a +1 flail (weapon)
Armour
 c - a +1 shield (worn)
 q - a +0 plate armour (worn)
 v - a +1 pair of boots (worn)
 w - a +0 cloak (worn)
Magical devices
 C - a wand of fireball (6) {unknown}
 G - a wand of teleportation (6) {unknown}
 I - a wand of magic darts (11) {unknown}
Comestibles
 d - 10 bread rations
 m - 4 beef jerkies
 u - 2 meat rations
 x - 8 slices of pizza
Scrolls
 b - a scroll of remove curse
 h - 2 scrolls of enchant armour
 p - 6 scrolls of teleportation
 s - 4 scrolls of recharging
 y - 4 scrolls of fear
 A - 2 scrolls of identify
 E - 2 scrolls of magic mapping
 F - 2 scrolls of enchant weapon
 H - a scroll of holy word {unknown}
Jewellery
 f - a ring of sustain abilities (left hand)
 n - a ring of protection from magic (right hand)
 t - an uncursed ring of invisibility
Potions
 e - 3 potions of might
 g - a potion of porridge
 i - 8 potions of agility
 j - 2 potions of resistance
 k - a potion of invisibility
 l - 7 potions of heal wounds
 o - 2 potions of magic
 r - 3 potions of haste
 z - 5 potions of curing
 B - a potion of poison {unknown}
 D - a potion of beneficial mutation {unknown}


   Skills:
 * Level 11.7 Fighting
 * Level 13.7 Maces & Flails
 * Level 11.3 Armour
 - Level 3.6 Shields


You had 10 spell levels left.
You didn't know any spells.

Dungeon Overview and Level Annotations

Branches:
Dungeon (11/15)            Temple (1/1) D:6             Orc (0/4) D:11
   Lair: D:8-11

Altars:
Ashenzari
Cheibriados
Dithmenos
Elyvilon
Fedhas
Kikubaaqudgha
Makhleb
Nemelex Xobeh
Okawaru
Qazlal
Sif Muna
Trog
Vehumet
Xom
Yredelemnul
Zin
The Shining One

Shops:
D:9 =


Innate Abilities, Weirdness & Mutations

You reflexively headbutt those who attack you in melee.
You have a pair of horns on your head.


Message History

You hear a grinding noise.
Your shield prevents you from hitting the skeletal warrior.
The skeletal warrior is heavily damaged.
The skeletal warrior hits you with a mace!
* * * LOW HITPOINT WARNING * * *
You sock the skeletal warrior!
The skeletal warrior is severely damaged.
You hear a grinding noise.
The skeletal warrior hits you but does no damage.
You hit the skeletal warrior but do no damage.
The skeletal warrior is severely damaged.
You barely miss the skeletal warrior.
The skeletal warrior is severely damaged.
The skeletal warrior hits you with a mace!!
* * * LOW HITPOINT WARNING * * *
You hear a grinding noise.
You closely miss the skeletal warrior.
The skeletal warrior is severely damaged.
The skeletal warrior hits you with a mace!
You die...

#.# ##...## #.###
###.## #.... ..#.#
###.# #>#.# . #.#
#.#.# ..# #.# #.#.#
.... #.# #.#.# .....
#.####b#.#####.....B[
#...@zz...B........#
#.######.###.###.....
#)# #.....# # #.#
#####.# #.# #.# #..
#.# #.## #.# #.# #.#
#.# #..


You could see 2 skeletal warriors, a boring beetle and a bat.

Vanquished Creatures
  A centaur warrior (D:9)
  A wizard (D:11)
  A skeletal warrior (D:10)
  A large abomination (D:11)
  Pikel (D:9)
  2 hill giants
  Maurice (D:8)
  Joseph (D:8)
  A human (D:8)
  A hog (D:8)
  A hill giant skeleton (D:11)
  A water moccasin (D:5)
  5 small abominations (D:11)
  4 slaves (D:9)
  4 orc warriors
  2 sky beasts
  2 ice beasts
  2 ogres (D:7)
  2 phantoms
  A boring beetle (D:10)
  5 centaurs
  Duvessa (D:9)
  3 elf zombies (Ossuary)
  5 giant frogs
  A water moccasin skeleton (D:6)
  6 killer bees (D:7)
  2 scorpions
  4 crimson imps
  Dowan (D:9)
  2 goliath beetles
  A human zombie (Ossuary)
  An iguana (D:4)
  6 hounds
  3 jellies
  5 orc priests
  7 orc wizards
  4 worker ants
  3 sheep (D:8)
  A big kobold zombie (Ossuary)
  4 gnolls (D:5)
  2 mummies (Ossuary)
  16 adders
  6 green rats
  2 shadow imps
  2 giant mites (D:5)
  A goliath beetle zombie (D:5)
  3 worms
  3 adder zombies (Ossuary)
  5 orc zombies
  6 giant geckos
  An ooze (Sewer)
  23 orcs
  7 ball pythons
  6 giant cockroaches
  10 hobgoblins
  21 jackals
  6 quokkas
  15 bats
  5 giant newts
  16 goblins
  A goblin skeleton (D:4)
  2 goblin zombies (Ossuary)
  9 hobgoblin zombies
  A jackal zombie (Ossuary)
  30 kobolds
  12 kobold zombies (Ossuary)
  31 rats
  A rat skeleton (D:4)
  3 rat zombies
  A ballistomycete (D:8)
  A butterfly (D:6)
348 creatures vanquished.

Vanquished Creatures (others)
  A wyvern (D:8)
  A giant spore (D:8)
2 creatures vanquished.

Grand Total: 350 creatures vanquished

Notes
Turn   | Place    | Note
--------------------------------------------------------------
     0 | D:1      | Heini, the Minotaur Fighter, began the quest for the Orb.
     0 | D:1      | Reached XP level 1. HP: 19/19 MP: 1/1
   108 | D:1      | Reached skill level 4 in Armour
   123 | D:1      | Reached XP level 2. HP: 16/27 MP: 1/1
   392 | D:2      | Reached XP level 3. HP: 22/33 MP: 2/2
   871 | D:3      | Reached XP level 4. HP: 34/41 MP: 2/2
  1086 | D:3      | Reached skill level 5 in Armour
  1475 | D:3      | Found a snail-covered altar of Cheibriados.
  1476 | D:3      | Found a shattered altar of Ashenzari.
  1529 | D:4      | Reached XP level 5. HP: 32/47 MP: 2/2
  1655 | D:4      | Reached skill level 5 in Fighting
  1894 | D:4      | Found a bloodstained altar of Trog.
  1894 | D:4      | Found an iron altar of Okawaru.
  1909 | D:4      | Reached XP level 6. HP: 38/56 MP: 3/3
  2043 | D:4      | Became a worshipper of Warmaster Okawaru
  2312 | D:5      | Entered Level 5 of the Dungeon
  2324 | D:5      | Reached skill level 6 in Armour
  2338 | D:5      | Noticed a water moccasin
  2350 | D:5      | Killed a water moccasin
  2350 | D:5      | Reached skill level 5 in Maces & Flails
  2404 | D:5      | Reached XP level 7. HP: 18/63 MP: 3/3
  2559 | D:5      | Acquired Okawaru's first power
  2836 | D:5      | Found a glowing drain.
  2844 | Sewer    | Entered a sewer
  3160 | Sewer    | Reached skill level 7 in Armour
  4031 | D:6      | Reached XP level 8. HP: 73/73 MP: 3/3
  4229 | D:6      | Found a shimmering altar of Xom.
  4310 | D:6      | Reached skill level 8 in Maces & Flails
  4561 | D:6      | Found a staircase to the Ecumenical Temple.
  4574 | Temple   | Entered the Ecumenical Temple
  4970 | D:7      | Found a sand-covered staircase.
  4975 | Ossuary  | Entered an ossuary
  5243 | Ossuary  | Reached skill level 9 in Maces & Flails
  5560 | D:7      | Reached XP level 9. HP: 47/82 MP: 4/4
  5615 | D:7      | Reached skill level 10 in Maces & Flails
  6339 | D:8      | Noticed Maurice
  6364 | D:8      | Killed Maurice
  6678 | D:8      | Reached skill level 11 in Maces & Flails
  6927 | D:8      | Noticed Joseph
  6939 | D:8      | Killed Joseph
  7098 | D:8      | Reached skill level 10 in Fighting
  7474 | D:8      | Reached XP level 10. HP: 43/93 MP: 4/4
  7830 | D:9      | Noticed a hill giant
  7835 | D:9      | Noticed a centaur warrior
  7839 | D:9      | Noticed a hill giant
  7964 | D:8      | HP: 1/94 [hill giant/giant club (10)]
  7967 | D:8      | Killed a hill giant
  7967 | D:8      | Reached skill level 12 in Maces & Flails
  8222 | D:9      | Killed a centaur warrior
  8222 | D:9      | Acquired Okawaru's second power
  8232 | D:9      | Killed a hill giant
  8232 | D:9      | Reached skill level 10 in Armour
  8251 | D:9      | Noticed Dowan
  8265 | D:9      | Killed Dowan
  8300 | D:9      | Noticed Duvessa
  8316 | D:9      | Killed Duvessa
  8378 | D:9      | Noticed Pikel
  8540 | D:9      | Killed Pikel
  8540 | D:9      | Reached skill level 13 in Maces & Flails
  8681 | D:9      | Found a glowing silver altar of Zin.
  8684 | D:9      | Found an ancient bone altar of Kikubaaqudgha.
  8689 | D:9      | Received a gift from Okawaru
  8706 | D:9      | Found a deep blue altar of Sif Muna.
  8726 | D:9      | Found a basalt altar of Yredelemnul.
  8738 | D:9      | Found Toteadej's Jewellery Shoppe.
  9085 | D:10     | Entered Level 10 of the Dungeon
  9862 | D:11     | Found a staircase to the Orcish Mines.
  9889 | D:11     | Noticed a wizard
  9899 | D:11     | Killed a wizard
  9899 | D:11     | Reached XP level 11. HP: 65/102 MP: 4/4
 10002 | D:11     | Noticed a large abomination
 10002 | D:11     | Noticed a large abomination
 10002 | D:11     | Noticed a large abomination
 10002 | D:11     | Noticed a large abomination
 10007 | D:11     | Noticed a large abomination
 10010 | D:11     | Killed a large abomination
 10250 | D:10     | Noticed a skeletal warrior
 10285 | D:10     | Killed a skeletal warrior
 10291 | D:10     | Noticed a skeletal warrior
 10306 | D:10     | Noticed a skeletal warrior
 10333 | D:10     | HP: 3/104 [skeletal warrior/mace (21)]
 10334 | D:10     | Slain by a skeletal warrior

Action                   |  1- 3 |  4- 6 |  7- 9 | 10-12 || total
-------------------------+-------+-------+-------+-------++-------
Melee: Flail             |   107 |   157 |   553 |   368 ||  1185
Evoke: Wand              |       |       |     1 |       ||     1
  Use: Scroll            |     4 |     9 |    12 |     1 ||    26
       Potion            |       |       |     1 |     4 ||     5
  Eat: Chunk             |       |     4 |    14 |     8 ||    26
       Bread ration      |       |       |     1 |       ||     1
